 Dungeon Crawl Stone Soup version 0.22.1-1-ga44c0e56f4 (webtiles) character file.

1491 Riddle the Skirmisher (level 9, -5/75 HPs)
             Began as a Formicid Chaos Knight on Sept 21, 2018.
             Slain by an orc warrior
             ... wielding a +0 mace
              (18 damage)
             ... on level 6 of the Dungeon.
             The game lasted 00:11:02 (4992 turns).

Riddle the Skirmisher (Formicid Chaos Knight)       Turns: 4992, Time: 00:11:03

Health: -5/75      AC:  8    Str: 20    XL:     9   Next: 7%
Magic:  9/9        EV: 12    Int: 15    God:    Xom [.*....]
Gold:   293        SH:  5    Dex: 12    Spells: 8/8 levels left

rFire    . . .     SeeInvis +   i - +4 quarterstaff (chaos)
rCold    . . .     Gourm    .   g - +0 buckler
rNeg     . . .     Faith    .   b - +2 leather armour
rPois    .         Spirit   .   (helmet unavailable)
rElec    +         Reflect  .   o - +0 cloak
rCorr    .         Harm     .   (no gloves)
MR       .....     Clarity  +   p - +0 pair of boots
Stlth    +.........             (no amulet)
HPRegen  0.22/turn              u - +3 ring of intelligence
MPRegen  0.11/turn              (no ring)

@: no status effects
A: permanent stasis, dig shafts and tunnels, four strong arms, antennae 3, agile
1, clarity, mutation resistance 1, robust 1, electricity resistance
a: Dig, Shaft Self, Renounce Religion


You were on level 6 of the Dungeon.
You worshipped Xom.
You were a plaything of Xom.
You were hungry.

You visited 1 branch of the dungeon, and saw 6 of its levels.

You collected 293 gold pieces.

Inventory:

Hand Weapons
 a - a +0 hand axe of chaos
 i - a +4 quarterstaff of chaos (weapon)
 s - a +0 dagger of chaos
Armour
 b - a +2 leather armour (worn)
 g - a +0 buckler (worn)
 o - a +0 cloak (worn)
 p - a +0 pair of boots (worn)
Jewellery
 u - a +3 ring of intelligence (left hand)
Scrolls
 d - 3 scrolls of remove curse
 f - a scroll of fog {unknown}
 h - a scroll of magic mapping {unknown}
 k - 2 scrolls of teleportation {unknown}
 l - a scroll of enchant weapon {unknown}
 r - a scroll of enchant armour {unknown}
 w - a scroll of amnesia {unknown}
Potions
 e - 2 potions of brilliance {unknown}
 j - 3 potions of curing {unknown}
 m - a potion of ambrosia {unknown}
 n - a potion of heal wounds {unknown}
 q - a potion of haste {unknown}
 t - a potion of lignification {unknown}
 v - a potion of flight {unknown}
Comestibles
 c - 9 rations


   Skills:
 + Level 6.3 Fighting
 - Level 3.7 Axes
 + Level 4.8 Staves
 + Level 5.8 Armour
 + Level 2.7 Dodging
 + Level 5.5 Shields


You had 8 spell levels left.
You didn't know any spells.
Your spell library was empty.

Dungeon Overview and Level Annotations

Branches:
Dungeon (6/15)
 Temple: D:4-7

Altars:
Cheibriados
Dithmenos
Makhleb
Nemelex Xobeh
Okawaru
Ru
Sif Muna
Uskayaw
Xom
Yredelemnul
Zin
The Shining One

Shops:
D:4 :


Innate Abilities, Weirdness & Mutations

You cannot be hasted, slowed, berserked, paralysed or teleported.
You can dig through walls and to a lower floor.
Your four strong arms can wield two-handed weapons with a shield.
You have a pair of large antennae on your head. (SInv)
You are agile. (Dex +2)
You possess an exceptional clarity of mind.
You are somewhat resistant to further mutation.
You are robust. (+10% HP)
You are resistant to electric shocks. (rElec)


Message History

You are too injured to fight recklessly!
You are too injured to fight recklessly!
You are too injured to fight recklessly!
You are too injured to fight recklessly!
You are too injured to fight recklessly!
You are too injured to fight recklessly!
You are too injured to fight recklessly!
You are too injured to fight recklessly!
You are too injured to fight recklessly!
You are too injured to fight recklessly!
You are feeling hungry.
You closely miss the orc warrior.
The orc warrior is moderately wounded.
The orc warrior hits you with a mace!!
* * * LOW HITPOINT WARNING * * *
Are you sure you want to shaft yourself?
You feel quite a bit more hungry. The orc warrior closely misses you.
The orc warrior hits you with a mace!!
You die...
Xom cackles wildly!

#.# #.# #.# ####
#.# #). #.# #.#
#o# ##.## #o#
####...#### #o#
#....#.....
#@######.##....###
#........###..#.##
############.###.#
#.## ##. ##.###.#
##.#.## ##.## #.#
#.#


You could see an orc warrior (berserk) and 2 orcs.

Vanquished Creatures
  Sigmund (D:2)
  A water moccasin (D:5)
  A phantom (D:3)
  A bullfrog (D:4)
  6 crimson imps
  3 hounds
  A jelly (D:5)
  6 orc priests
  6 orc wizards
  A gnoll shaman (D:5)
  Crazy Yiuf (D:2)
  Terence (D:2)
  An iguana (D:4)
  2 worker ants
  A killer bee zombie (D:6)
  Robin (D:4)
  7 adders
  5 gnolls (D:5)
  4 oozes
  An adder skeleton (D:4)
  2 worms
  A leopard gecko (D:1)
  24 orcs
  3 ball pythons
  4 giant cockroaches
  11 goblins
  10 hobgoblins
  9 jackals
  4 quokkas
  7 bats
  3 frilled lizards
  10 kobolds
  8 rats
147 creatures vanquished.

Vanquished Creatures (collateral kills)
  A dart slug (D:4)
1 creature vanquished.

Vanquished Creatures (others)
  2 goblins (D:4)
  A hobgoblin (D:4)
3 creatures vanquished.

Grand Total: 151 creatures vanquished

Notes
Turn   | Place    | Note
-------+----------+-------------------------------------------
     0 | D:1      | Riddle the Formicid Chaos Knight began the quest for the
                  | Orb.
     0 | D:1      | Reached XP level 1. HP: 18/18 MP: 1/1
    45 | D:1      | Reached skill level 1 in Dodging
   104 | D:1      | Reached XP level 2. HP: 23/24 MP: 2/2
   181 | D:1      | XOM: divination: detect items
   454 | D:2      | XOM: harmless Hex miscast
   466 | D:2      | Noticed Sigmund
   593 | D:2      | XOM: potion effect (brilliance)
   643 | D:2      | Reached XP level 3. HP: 27/29 MP: 3/3
   768 | D:2      | XOM: harmless Hex miscast
   771 | D:2      | Noticed Terence
   775 | D:2      | XOM: potion effect (invisibility)
   779 | D:2      | Reached skill level 1 in Shields
   784 | D:2      | Killed Terence
   784 | D:2      | Reached XP level 4. HP: 31/37 MP: 4/4
   857 | D:2      | Found a burning altar of Makhleb.
   857 | D:2      | Found a snail-covered altar of Cheibriados.
   858 | D:2      | Found a sacrificial altar of Ru.
   860 | D:2      | Found a deep blue altar of Sif Muna.
   860 | D:2      | Found a shadowy altar of Dithmenos.
   980 | D:2      | Reached skill level 4 in Fighting
  1084 | D:2      | XOM: noise
  1125 | D:2      | XOM: silly message
  1208 | D:2      | Found a runed door.
  1255 | D:2      | Noticed Crazy Yiuf
  1258 | D:2      | Killed Crazy Yiuf
  1258 | D:2      | Reached XP level 5. HP: 42/42 MP: 5/5
  1343 | D:2      | Killed Sigmund
  1343 | D:2      | Reached XP level 6. HP: 45/49 MP: 6/6
  1454 | D:3      | Found a hide-covered altar of Uskayaw.
  1553 | D:3      | Noticed a phantom
  1556 | D:3      | Found a shimmering altar of Xom.
  1556 | D:3      | XOM: medium Tloc miscast
  1557 | D:3      | XOM: blink monster(s)
  1570 | D:3      | Killed a phantom
  1570 | D:3      | Reached XP level 7. HP: 23/55 MP: 7/7
  2222 | D:3      | Reached skill level 5 in Fighting
  2230 | D:3      | Found an iron altar of Okawaru.
  2298 | D:3      | XOM: summons 3 hostile demons
  2334 | D:3      | XOM: mild Pois miscast
  2527 | D:3      | XOM: god gift: 44 gold pieces
  2789 | D:4      | XOM: give mutations
  2789 | D:4      | Gained mutation: You are robust. (+10% HP) [Xom's grace]
  2789 | D:4      | Gained mutation: You are resistant to electric shocks.
                  | (rElec) [Xom's grace]
  2808 | D:4      | XOM: destruction
  2809 | D:4      | Noticed Robin
  2818 | D:4      | Reached XP level 8. HP: 50/68 MP: 8/8
  2926 | D:4      | Killed Robin
  2962 | D:4      | XOM: give mutations
  2962 | D:4      | Gained mutation: You are agile. (Dex +2) [Xom's grace]
  2962 | D:4      | Gained mutation: You possess an exceptional clarity of
                  | mind. [Xom's grace]
  2962 | D:4      | Gained mutation: You are somewhat resistant to further
                  | mutation. [Xom's grace]
  2992 | D:4      | Found a glowing silver altar of Zin.
  2992 | D:4      | Found a sparkling altar of Nemelex Xobeh.
  3051 | D:4      | Found a glowing golden altar of the Shining One.
  3053 | D:4      | Noticed an angel
  3060 | D:4      | Found a basalt altar of Yredelemnul.
  3062 | D:4      | Noticed a profane servitor
  3368 | D:4      | Found Anumoq's Book Shoppe.
  3713 | D:4      | XOM: stat loss: -1 Int (11/12)
  3728 | D:4      | Reached skill level 5 in Armour
  3748 | D:4      | XOM: harmless Air miscast
  3802 | D:4      | XOM: mild Ice miscast
  4014 | D:5      | Entered Level 5 of the Dungeon
  4080 | D:5      | XOM: confuse monster(s)
  4101 | D:5      | XOM: enchant monster (bad)
  4116 | D:5      | XOM: summons friendly ufetubus
  4118 | D:5      | XOM: enchant monster (bad)
  4120 | D:5      | XOM: harmless Erth miscast
  4143 | D:5      | Reached skill level 5 in Shields
  4308 | D:5      | Reached skill level 6 in Fighting
  4327 | D:5      | XOM: enchant monster (bad)
  4529 | D:5      | Reached XP level 9. HP: 62/75 MP: 9/9
  4850 | D:6      | XOM: harmless Erth miscast
  4877 | D:6      | Got a shimmering leather armour
  4878 | D:6      | Identified the cursed +0 leather armour of Daffodils
                  | {+Blink rN++ Dex-3 SInv} (You found it on level 6 of the
                  | Dungeon)
  4956 | D:6      | XOM: god gift: ration
  4992 | D:6      | Slain by an orc warrior

Skill      XL: |  1  2  3  4  5  6  7  8 |
---------------+-------------------------+-----
Dodging        | 1 2 |  2.7
Shields        | 1 2 3 4 5 |  5.5
Armour         | 3 4 5 |  5.8
Fighting       | 4 5 6 |  6.3
Staves         | 2 3 4 |  4.8
Axes           | |  3.7

Action                   |  1- 3 |  4- 6 |  7- 9 || total
-------------------------+-------+-------+-------++-------
Melee: Hand axe          |    72 |    35 |       ||   107
       Quarterstaff      |       |    27 |   290 ||   317
 Abil: Shaft Self        |       |       |     1 ||     1
  Use: Scroll            |       |       |     4 ||     4
 Stab: Invisible         |     1 |       |       ||     1
       Paralysed         |       |       |     4 ||     4
       Confused          |       |       |     1 ||     1
       Sleeping          |       |       |     1 ||     1
  Eat: Chunk             |       |     2 |    11 ||    13
Armor: Leather armour    |    17 |    34 |   103 ||   154
Dodge: Dodged            |    59 |    48 |   163 ||   270
Block: Buckler           |     5 |    18 |    63 ||    86
